 Dungeon Crawl Stone Soup version 0.21-a0-358-g8928369 (webtiles) character file.

5736 Dfrag the Destroyer (level 10, -38/63 HPs)
             Began as a Demonspawn Fire Elementalist on Oct 13, 2017.
             Was a Believer of Vehumet.
             Killed from afar by aTarkinC's ghost (44 damage)
             ... with a fireball
             ... on level 9 of the Dungeon.
             The game lasted 00:16:24 (8946 turns).

Dfrag the Destroyer (Demonspawn Fire Elementalist)  Turns: 8946, Time: 00:16:24

Health: -38/63     AC:  5    Str:  9    XL:     10   Next: 48%
Magic:  0/46       EV: 12    Int: 20    God:    Vehumet [**....]
Gold:   451        SH:  0    Dex: 13    Spells: 13/26 levels left

rFire    . . .     SeeInvis .   E - staff of power
rCold    . . .     Gourm    .   (no shield)
rNeg     . . .     Faith    .   a - +0 robe
rPois    .         Spirit   +   (helmet restricted)
rElec    .         Reflect  .   j - scarf {repulsion}
rCorr    .         Harm     .   (no gloves)
MR       .....                  (no boots)
Stlth    +++.......             (no amulet)
HPRegen  0.20/turn              t - ring of stealth
MPRegen  0.30/turn              B - ring of magical power

@: repel missiles
A: antennae 1, icy blue scales 2, powered by death 1, magic shield
a: Renounce Religion


You were on level 9 of the Dungeon.
You worshipped Vehumet.
Vehumet was pleased with you.
You were near starving.

You visited 1 branch of the dungeon, and saw 9 of its levels.

You collected 451 gold pieces.

Inventory:

Hand Weapons
 y - a +1 hand axe of flaming
 z - a +0 flail
Armour
 a - a +0 robe (worn)
 j - a scarf of repulsion (worn)
 k - a +2 helmet
Magical Staves
 E - an uncursed staff of power (weapon)
Jewellery
 e - an uncursed ring of see invisible
 t - a ring of stealth (left hand)
 B - a ring of magical power (right hand)
Wands
 r - a wand of confusion (16/48)
 s - a wand of polymorph (10/24)
 J - a wand of polymorph (14/24)
Scrolls
 f - 5 scrolls of remove curse
 g - a scroll of random uselessness
 h - 7 scrolls of teleportation
 i - 4 scrolls of enchant weapon
 m - a scroll of amnesia
 n - a scroll of fog
 v - a scroll of recharging
 w - a scroll of enchant armour
 A - a scroll of blinking
 C - a scroll of immolation
 F - 3 scrolls of magic mapping
 H - a scroll of identify
 I - a scroll of holy word {unknown}
Potions
 d - 4 potions of heal wounds
 l - a potion of agility {unknown}
 p - 2 potions of flight {unknown}
 q - a potion of haste {unknown}
 x - a potion of resistance {unknown}
 D - a potion of degeneration {unknown}
 G - a potion of invisibility {unknown}
 K - a potion of ambrosia {unknown}
Books
 b - a book of Flames

   Spells                             Type                      Level
   a - Flame Tongue                   Conjuration/Fire             1
   b - Throw Flame                    Conjuration/Fire             2
   c - Conjure Flame                  Conjuration/Fire             3
   d - Inner Flame                    Hexes/Fire                   3
   e - Sticky Flame                   Conjuration/Fire             4
   f - Fireball                       Conjuration/Fire             5
Comestibles
 c - 3 bread rations
 o - 2 meat rations
 u - 2 royal jellies


   Skills:
 - Level 1.7 Dodging
 - Level 1.7 Stealth
 + Level 8.6 Spellcasting
 + Level 9.2 Conjurations
 + Level 8.9 Fire Magic


You had 13 spell levels left.
You knew the following spells:

 Your Spells              Type           Power        Failure   Level  Hunger
a - Flame Tongue          Conj/Fire      #####        1%          1    None
b - Conjure Flame         Conj/Fire      #####...     1%          3    None
c - Sticky Flame          Conj/Fire      #####...     1%          4    ###....
d - Fireball              Conj/Fire      #####.....   5%          5    #####..


Dungeon Overview and Level Annotations

Branches:
Dungeon (9/15)             Temple (0/1) D:5             Orc (0/2) D:9
   Lair: D:8-11

Altars:
Cheibriados
Dithmenos
Fedhas
Makhleb
Nemelex Xobeh
Trog
Vehumet

Annotations:
D:9 aTarkinC's ghost, journeyman GrFE


Innate Abilities, Weirdness & Mutations

You have a pair of small antennae on your head.
You are mostly covered in icy blue scales. (AC +3)
You regenerate a little health from kills.
When hurt, damage is shared between your health and your magic reserves.


Message History

Aiming: Fireball
Press: ? - help, Shift-Dir - straight line The fireball explodes!
The fireball engulfs aTarkinC's ghost.
ATarkinC's ghost is almost destroyed.
You are near starving!
An orc warrior comes into view. It is wielding a trident.
Unknown command.
Casting: Fireball
Confirm with . or Enter, or press ? or * to list all spells.
You don't have enough magic to cast that spell.
Unknown command.
Unknown command.
ATarkinC's ghost casts a spell at you.
The fireball explodes!
The fireball engulfs you!
* * * LOW HITPOINT WARNING * * *
ATarkinC's ghost says very slowly, "There's no hope."
ATarkinC's ghost casts a spell at you.
The fireball explodes!
The fireball engulfs you!
Ouch! That really hurt!
You die...

.....o.$.....).##...# #..
...........รท.).##...# #.#
...................... #.#
......W)..)..........## #.#
....>...).......##..### #
................##..... #
................)....## #
....###...............#
.......)....@..##.......
...............# ......# #.
..........##...........# #.#
....##....##.........#..##..#
... #...............##......
.. .................##......
. .#.........##.## #......
..#####..## .. ......
##.#######.# ......


You could see aTarkinC's ghost.

Vanquished Creatures
  The ghost of Spathi the Thaumaturge, a journeyman GnWz of Sif Muna (D:8)
  2 two-headed ogres (D:8)
  An ice statue (D:7)
  A troll (D:9)
  A hippogriff (D:7)
  2 wargs (D:9)
  3 orc warriors
  2 ice beasts
  4 ogres
  2 centaurs (D:8)
  Blork the orc (D:4)
  2 big kobolds
  5 bullfrogs
  3 scorpions
  A howler monkey (D:6)
  A crimson imp (D:6)
  6 hounds
  11 orc priests
  Crazy Yiuf (D:2)
  A centaur skeleton (D:7)
  3 worker ants
  An iguana (D:4)
  7 orc wizards
  A worker ant zombie (D:7)
  15 adders
  3 gnolls (D:5)
  An adder zombie (D:5)
  2 dart slugs (D:4)
  4 leopard geckos
  36 orcs
  7 bats
  5 giant cockroaches
  5 goblins
  8 hobgoblins
  10 jackals
  12 kobolds
  6 quokkas
  2 ball pythons
  9 frilled lizards
  A jackal skeleton (D:4)
  9 rats
  A butterfly (D:5)
  A fungus (D:2)
200 creatures vanquished.

Notes
Turn   | Place    | Note
-------+----------+-------------------------------------------
     0 | D:1      | Dfrag the Demonspawn Fire Elementalist began the quest for the Orb.
     0 | D:1      | Reached XP level 1. HP: 13/13 MP: 3/3
   421 | D:1      | Gained mutation: When hurt, damage is shared between your health and your magic reserves. [demonic ancestry]
   421 | D:1      | Reached XP level 2. HP: 19/19 MP: 0/5
   921 | D:1      | Reached XP level 3. HP: 24/24 MP: 4/6
  1059 | D:1      | Reached skill level 2 in Conjurations
  2081 | D:2      | Gained mutation: You are partially covered in icy blue scales. (AC +2) [demonic ancestry]
  2081 | D:2      | Reached XP level 4. HP: 28/30 MP: 2/8
  2463 | D:2      | Found a runed door.
  2505 | D:2      | Noticed Crazy Yiuf
  2511 | D:2      | Killed Crazy Yiuf
  3031 | D:3      | Gained mutation: You have a pair of small antennae on your head. [demonic ancestry]
  3031 | D:3      | Reached XP level 5. HP: 33/35 MP: 2/9
  3094 | D:3      | Reached skill level 3 in Conjurations
  3100 | D:3      | Learned a level 3 spell: Conjure Flame
  3309 | D:3      | Learned a level 4 spell: Sticky Flame
  4087 | D:4      | Gained mutation: You are mostly covered in icy blue scales. (AC +3) [demonic ancestry]
  4087 | D:4      | Reached XP level 6. HP: 41/41 MP: 7/11
  4486 | D:4      | Reached skill level 4 in Conjurations
  4542 | D:4      | Noticed Blork the orc
  4553 | D:4      | Killed Blork the orc
  4569 | D:4      | Reached XP level 7. HP: 37/46 MP: 0/13
  4971 | D:5      | Entered Level 5 of the Dungeon
  5001 | D:5      | Found a sparkling altar of Nemelex Xobeh.
  5004 | D:5      | Found a bloodstained altar of Trog.
  5011 | D:5      | Reached skill level 5 in Fire Magic
  5076 | D:5      | Found a radiant altar of Vehumet.
  5080 | D:5      | Became a worshipper of Vehumet
  5091 | D:5      | Found a blossoming altar of Fedhas.
  5199 | D:5      | Reached skill level 5 in Conjurations
  5259 | D:5      | Reached skill level 5 in Spellcasting
  5440 | D:5      | Found a staircase to the Ecumenical Temple.
  5561 | D:5      | Found a shadowy altar of Dithmenos.
  5729 | D:6      | Reached XP level 8. HP: 45/52 MP: 7/15
  6184 | D:6      | Learned a level 5 spell: Fireball
  6360 | D:6      | Found a snail-covered altar of Cheibriados.
  6373 | D:6      | Reached skill level 6 in Conjurations
  6402 | D:6      | Reached * piety under Vehumet
  6402 | D:6      | Offered knowledge of Sting by Vehumet.
  6808 | D:7      | Noticed a hippogriff
  6824 | D:7      | Killed a hippogriff
  7237 | D:7      | Noticed an ice statue
  7432 | D:7      | Gained mutation: You regenerate a little health from kills. [demonic ancestry]
  7432 | D:7      | Reached XP level 9. HP: 48/57 MP: 18/18
  7540 | D:7      | Killed an ice statue
  7540 | D:7      | Reached skill level 7 in Conjurations
  7772 | D:8      | Noticed a two-headed ogre
  7784 | D:8      | Killed a two-headed ogre
  7784 | D:8      | Reached skill level 8 in Conjurations
  7856 | D:8      | Found a burning altar of Makhleb.
  7979 | D:8      | Noticed Spathi's ghost (journeyman GnWz)
  7988 | D:8      | Killed Spathi's ghost
  7988 | D:8      | Reached XP level 10. HP: 59/63 MP: 10/21
  8050 | D:8      | Reached ** piety under Vehumet
  8203 | D:8      | Noticed a two-headed ogre
  8206 | D:8      | Offered knowledge of Throw Frost by Vehumet.
  8217 | D:8      | Killed a two-headed ogre
  8673 | D:9      | Reached skill level 9 in Conjurations
  8917 | D:9      | Offered knowledge of Stone Arrow by Vehumet.
  8930 | D:9      | Found a staircase to the Orcish Mines.
  8939 | D:9      | Noticed aTarkinC's ghost (journeyman GrFE)
  8946 | D:9      | Killed from afar by aTarkinC's ghost

Vault maps used:
D:1:      nicolae_arrival_memento_mori
D:2:      serial_co_window_serial, co_window_corner_a, co_window_paths_a,
          co_window_paths_a, co_window_corner_a, co_window_of_opportunity_a,
          co_window_paths_b, co_window_of_opportunity_a, co_window_corner_a,
          co_window_corner_a, co_window_unsneaky_path_a, co_window_corner_cb,
          co_window_unsneaky_path_a, co_window_paths_d, glass_columns_a,
          glass_columns_c, uniq_crazy_yiuf_cottage
D:4:      uniq_blork_the_orc
D:5:      grunt_temple_overflow_cloverleaf, minmay_temple_entry_butterflies,
          first_bread, serial_park_tiny_pond, nicolae_dithmenos_the_darkroom
D:6:      nicolae_overflow_crystal_walls, minmay_misc_feat_diagonals
D:7:      lemuel_ice_statue
D:8:      basic_altar
D:9:      erik_orc_4, serial_co_window_serial, co_window_corner_a,
          co_window_paths_a, co_window_corner_a, co_window_paths_b,
          co_window_of_opportunity_a, co_window_unsneaky_path_b,
          co_window_2corner, co_window_2corner, co_window_broadway_a,
          co_window_corner_b, co_window_paths_d, glass_columns_a,
          glass_columns_a, glass_columns_a, glass_columns_a, glass_columns_a

Skill      XL: |  1  2  3  4  5  6  7  8  9 10 |
---------------+-------------------------------+-----
Fire Magic     | 3 4 5 6 8 |  8.9
Conjurations   | 2 3 4 5 6 8 9 |  9.2
Spellcasting   | 3 4 5 6 7 8 |  8.6
Dodging        | |  1.7
Stealth        | |  1.7

Action                   |  1- 3 |  4- 6 |  7- 9 | 10-12 || total
-------------------------+-------+-------+-------+-------++-------
Melee: Unarmed           |     9 |       |       |       ||     9
       Dagger            |    65 |    74 |       |       ||   139
       Hand axe          |       |     2 |    54 |       ||    56
       Staff             |       |       |    26 |     9 ||    35
       Flail             |       |       |    17 |       ||    17
 Cast: Flame Tongue      |    92 |   114 |    77 |    15 ||   298
       Sticky Flame      |       |     4 |    38 |     8 ||    50
       Fireball          |       |       |    23 |    28 ||    51
  Use: Potion            |     2 |       |       |       ||     2
       Scroll            |       |     2 |     9 |       ||    11
 Stab: Sleeping          |       |     1 |     2 |       ||     3
  Eat: Chunk             |     4 |     9 |    19 |    11 ||    43
       Royal jelly       |       |       |     1 |       ||     1
Armor: Robe              |    26 |    27 |    54 |     2 ||   109
Dodge: Dodged            |    97 |    79 |   124 |    18 ||   318
       Deflected         |       |     1 |     5 |     1 ||     7

Table legend:
 A = Spawn XP
 B = Non-spawn XP
 C = Spawn XP percentage of total XP
 D = Spawn monster count
 E = Non-spawn monster count
 F = Spawn count percentage of total count
 G = Total turns spent on level
                    A         B        C        D         E        F      G
               +---------+---------+-------+---------+---------+-------+---------
         Total |       0 |    8195 |   0.0 |       0 |     198 |   0.0 |  8946
               +---------+---------+-------+---------+---------+-------+---------
           D:1 |       0 |      58 |   0.0 |       0 |      35 |   0.0 |  1292
           D:2 |       0 |      92 |   0.0 |       0 |      19 |   0.0 |  1540
           D:3 |       0 |     205 |   0.0 |       0 |      23 |   0.0 |   987
           D:4 |       0 |     529 |   0.0 |       0 |      17 |   0.0 |  1152
           D:5 |       0 |     477 |   0.0 |       0 |      19 |   0.0 |   939
           D:6 |       0 |     660 |   0.0 |       0 |      18 |   0.0 |   854
           D:7 |       0 |    1369 |   0.0 |       0 |      17 |   0.0 |   874
           D:8 |       0 |    3759 |   0.0 |       0 |      30 |   0.0 |   961
           D:9 |       0 |    1046 |   0.0 |       0 |      20 |   0.0 |   347
               +---------+---------+-------+---------+---------+-------+---------
